cohdb
Replays
Latest Replays
All Replays
Popular Replays
Top Player Replays
Match Explorer
How It Works
Community
CoH3 Stats
Reddit
Sign in to upload your games and track your stats! →
Sign in with Steam
Match 40936103
Unlisted
Match 40936103
Overview
Messages
Build Orders
End
Construct Infanterie Kompanie
Selects Breakthrough Battlegroup
Selects Assault Grenadiers
MG 42 Machine Gun Team
Grenadier Squad
Grenadier Squad
Medical Station
GrW 34 Mortar Team
Construct Panzergrenadier Kompanie
Pak 40 Anti-tank Gun Team
Pak 40 Anti-tank Gun Team
251 Medium Carrier
MG 42 Bunker
Support Elements
Panzergrenadier Officer Quarters
Pioneer Squad
StuG III G Assault Gun
Side Skirts
Selects 2.5-tonne Cargo Truck
Selects Blitzkrieg
2.5-tonne Cargo Truck
251 Medium Carrier
Panzergrenadier Squad
Pioneer Squad
Construct Panzer Kompanie
Pak 40 Anti-tank Gun Team
Repair Bunker
Selects Tiger Heavy Tank
Tiger Heavy Tank
MG 42 Machine Gun Team
Nylon
Narangd
marcmorn
Hunter
0
0
Comments
sign in to comment!
No comments posted yet!